 Dungeon Crawl Stone Soup version 0.28.0-53-g5a82cb258f (webtiles) character file.

Game seed: 5944605726703910715

116 DildoBatman the Conjurer (level 5, -1/15 (37) HPs)
             Began as a Formicid Conjurer on June 2, 2022.
             Slain by Pargi (2 damage)
             ... on level 3 of the Dungeon.
             The game lasted 00:16:34 (3626 turns).

DildoBatman the Conjurer (Formicid Conjurer)        Turns: 3626, Time: 00:16:34

HP:   -1/15 (37)    AC:  3    Str:  8 (11) XL:     5   Next: 20%
MP:   8/8           EV: 12    Int: 16 (18) God:
Gold: 104           SH:  0    Dex:  9 (11) Spells: 5/8 levels left

rFire   . . .      SeeInvis +   a - +2 dagger (speed)
rCold   . . .      Faith    .   (no shield)
rNeg    . . .      Spirit   .   g - +0 robe
rPois   .          Reflect  .   (helmet unavailable)
rElec   .          Harm     .   (no cloak)
rCorr   .          Rampage  .   r - +0 pair of gloves
Will    .....                   (no boots)
Stlth   ++........              (no amulet)
HPRegen 0.05/turn               (no ring)
MPRegen 0.11/turn               (no ring)

@: extremely drained
A: permanent stasis, dig shafts and tunnels, antennae 3, four strong arms
a: Dig, Shaft Self


You were on level 3 of the Dungeon.
You visited 1 branch of the dungeon, and saw 3 of its levels.
You also visited: Sewer.

You collected 104 gold pieces.

Inventory:

Hand Weapons
 a - a +2 dagger of speed (weapon)
Missiles
 d - 2 poisoned darts
 e - 11 sling bullets
 f - 41 stones
 j - 18 arrows
 o - 6 boomerangs
Armour
 g - a +0 robe (worn)
 r - a +0 pair of gloves (worn)
Magical Staves
 b - a staff of cold
Scrolls
 c - 2 scrolls of brand weapon {unknown}
 h - 2 scrolls of fear {unknown}
 k - 2 scrolls of teleportation {unknown}
 m - a scroll of enchant armour {unknown}
 q - a scroll of identify {unknown}
Potions
 i - a potion of heal wounds
 l - a potion of degeneration
 n - a potion of haste


   Skills:
 * Level 1.1 Fighting
 * Level 1.0 Armour
 - Level 1.7 Dodging
 - Level 2.4 Stealth
 * Level 2.4 Spellcasting
 * Level 5.2 Conjurations


You had 5 spell levels left.
You knew the following spells:

 Your Spells              Type           Power      Damage    Failure   Level
a - Searing Ray           Conj           36%        2d5       3%          2
c - Magic Dart            Conj           72%        1d6       2%          1

Your spell library contained the following spells:

 Spells                   Type           Power      Damage    Failure   Level
 Sandblast                Erth           2%         2d4       21%         1
 Dazzling Flash           Conj/Hex       20%        N/A       21%         3
 Stone Arrow              Conj/Erth      20%        3d8       21%         3
 Passwall                 Tmut/Erth      0%         N/A       30%         2
 Fulminant Prism          Conj/Hex       5%         3d7       56%         4
 Iskenderun's Mystic Bla  Conj/Tloc      10%        2d4       56%         4
 Petrify                  Tmut/Erth      1%         N/A       89%         4
 Metabolic Englaciation   Hex/Ice        0%         N/A       99%         5
 Statue Form              Tmut/Erth      0%         N/A       100%        6


Dungeon Overview and Level Annotations

Branches:
Dungeon (3/15)              Sewer (visited)

Altars:

Annotations:
D:2 exclusions: jackal and 1 more exclusion
D:3 exclusions: bullfrog and orc, Pargi


Innate Abilities, Weirdness & Mutations

You cannot be hasted, slowed, berserked, paralysed or teleported.
You can dig through walls and to a lower floor.
You have a pair of large antennae on your head. (SInv)
Your four strong arms can wield two-handed weapons with a shield.


Message History

Moving in this stuff is going to be slow.
You enter the shallow water.
Moving in this stuff is going to be slow.
Why would you want to do that?
You enter the shallow water.
Moving in this stuff is going to be slow.
You enter the shallow water.
Moving in this stuff is going to be slow.
You enter the shallow water.
Moving in this stuff is going to be slow.
You enter the shallow water.
Moving in this stuff is going to be slow.
You enter the shallow water.
Moving in this stuff is going to be slow.
You enter the shallow water.
Moving in this stuff is going to be slow.
You enter the shallow water.
Moving in this stuff is going to be slow.
There is a gate leading back out of this place here.
Pargi bites you!
Ouch! That really hurt!
Pargi claws you. Pargi misses you.
Welcome back to the Dungeon!
Level annotation: exclusions: bullfrog and orc
There is a collapsed entrance here.
You enter the shallow water.
Moving in this stuff is going to be slow.
You can't shaft yourself on this terrain.
You closely miss Pargi. Pargi bites you but does no damage. Pargi misses you.
Pargi claws you.
Unknown command.
You extend your mandibles.
Unknown command.
You retract your mandibles.
Pargi bites you. Pargi claws you.
You die...

...
#....≈≈≈≈≈..........#
#
#..#≈≈≈≈≈≈≈#........#
#...≈≈≈≈≈≈≈≈........#
#...≈≈≈.≈≈≈...#######
##..≈≈≈≈≈≈≈...#
#.#≈≈≈≈≈≈≈#.÷#
#...≈≈≈≈≈....#
##..#≈.≈#T...#
##.....@...##
####.....## #######


You could see Pargi.

Vanquished Creatures
  3 adders
  An ufetubus (D:2)
  2 worms (D:3)
  A dart slug (D:1)
  4 orcs (D:2)
  7 ball pythons
  A bat (D:1)
  5 endoplasms
  2 giant cockroaches (D:1)
  4 goblins (D:1)
  8 hobgoblins
  7 jackals
  4 kobolds
  3 quokkas
  10 frilled lizards
  5 rats
67 creatures vanquished.

Notes
Turn   | Place    | Note
-------+----------+-------------------------------------------
     0 | D:1      | DildoBatman the Formicid Conjurer began the quest for the
                  | Orb.
     0 | D:1      | Reached XP level 1. HP: 13/13 MP: 3/3
    50 | D:1      | Reached skill level 4 in Conjurations
    50 | D:1      | Reached XP level 2. HP: 8/19 MP: 0/5
    53 | D:1      | Learned a level 2 spell: Searing Ray
   354 | D:1      | Reached XP level 3. HP: 18/24 MP: 3/6
  1122 | D:2      | Reached XP level 4. HP: 30/30 MP: 4/7
  1177 | D:2      | Reached skill level 5 in Conjurations
  1929 | D:3      | Noticed a bullfrog
  2023 | D:3      | Found a glowing drain.
  2195 | Sewer    | Entered a sewer
  2255 | Sewer    | Noticed Pargi
  2497 | Sewer    | Reached skill level 1 in Fighting
  2497 | Sewer    | Reached skill level 1 in Armour
  2497 | Sewer    | Reached XP level 5. HP: 12/19 MP: 3/8
  3626 | D:3      | Slain by Pargi

Illustrated notes

Levels and vault maps discovered:
D:1:      dpeg_arrival_boxorama, layout_basic
D:2:      layout_basic, lightli_corner_chamber
D:3:      layout_basic, mainiacjoe_overflow_alcove_4,
          cheibrodos_sewer_entry_drain, hellmonk_ecumenical_altar_watching_god

Skill      XL: |  1  2  3  4 |
---------------+-------------+-----
Conjurations   | 4 5 |  5.2
Fighting       | 1 |  1.1
Armour         | 1 |  1.0
Dodging        | |  1.7
Stealth        | |  2.4
Spellcasting   | |  2.4

Action                   |  1- 3 |  4- 6 || total
-------------------------+-------+-------++-------
Melee: Staff             |    12 |       ||    12
       Dagger            |    25 |    26 ||    51
 Cast: Magic Dart        |    42 |     9 ||    51
       Searing Ray       |     3 |    12 ||    15
 Abil: Dig               |       |     7 ||     7
  Use: Potion            |       |     5 ||     5
 Stab: Sleeping          |       |     4 ||     4
Armor: Robe              |     1 |    18 ||    19
Dodge: Dodged            |    28 |    45 ||    73
